 Dungeon Crawl Stone Soup version 0.22.1 (webtiles) character file.

112 KeeTraxx the Gusty (level 4, -1/33 HPs)
             Began as a Draconian Air Elementalist on Sept 19, 2018.
             Slain by an orc
             ... wielding a +1 mace of protection
              (3 damage)
             ... on level 3 of the Dungeon.
             The game lasted 00:13:31 (3783 turns).

KeeTraxx the Gusty (Draconian Air Elementalist)     Turns: 3783, Time: 00:13:31

Health: -1/33      AC:  5    Str: 11    XL:     4   Next: 64%
Magic:  1/8        EV: 12    Int: 16    God:
Gold:   230        SH:  0    Dex: 11    Spells: 5/9 levels left

rFire    + . .     SeeInvis .   u - +0 trident
rCold    + . .     Gourm    .   (no shield)
rNeg     . . .     Faith    .   (armour unavailable)
rPois    +         Spirit   .   (helmet restricted)
rElec    +         Reflect  .   (no cloak)
rCorr    +         Harm     .   (no gloves)
MR       .....                  (no boots)
Stlth    ++........             (no amulet)
HPRegen  0.11/turn              (no ring)
MPRegen  0.11/turn              (no ring)

@: resistant
A: unfitting armour, cold-blooded, AC +5
a: no special abilities


You were on level 3 of the Dungeon.
You were not hungry.

You visited 1 branch of the dungeon, and saw 4 of its levels.

You collected 230 gold pieces.

Inventory:

Hand Weapons
 g - a +0 hunting sling
 h - a +0 short sword
 u - a +0 trident (weapon)
Missiles
 i - 103 stones (quivered)
Jewellery
 r - an uncursed ring of fire {unknown}
 v - an uncursed ring of magical power {unknown}
Scrolls
 a - 3 scrolls of remove curse {unknown}
 c - 3 scrolls of identify {unknown}
 d - 3 scrolls of teleportation {unknown}
 f - a scroll of random uselessness {unknown}
 j - a scroll of magic mapping {unknown}
 k - a scroll of noise {unknown}
 p - a scroll of fear {unknown}
Potions
 e - 2 potions of resistance
 l - a potion of heal wounds
 m - a potion of degeneration {unknown}
 n - a potion of magic {unknown}
 o - 2 potions of mutation {unknown}
 q - 2 potions of curing {unknown}
 s - a potion of haste {unknown}
 t - a potion of flight {unknown}
Comestibles
 b - 9 rations


   Skills:
 - Level 1.7 Dodging
 - Level 1.7 Stealth
 + Level 3.1 Spellcasting
 * Level 2.2 Conjurations
 + Level 4.1 Air Magic


You had 5 spell levels left.
You knew the following spells:

 Your Spells              Type           Power        Failure   Level  Hunger
a - Shock                 Conj/Air       ##..         4%          1    None
b - Static Discharge      Conj/Air       ##......     14%         3    ###....

Your spell library contained the following spells:

 Spells                   Type           Power        Failure   Level  Hunger
 Swiftness                Chrm/Air       #.......     12%         2    ##.....
 Airstrike                Air            ###.......   32%         4    ####...
 Lightning Bolt           Conj/Air       ##........   80%         5    ######.


Dungeon Overview and Level Annotations

Branches:
Dungeon (4/15)
 Temple: D:4-7

Altars:


Innate Abilities, Weirdness & Mutations

Your plain brown scales are hard. (AC +5)
You cannot fit into any form of body armour.
You are cold-blooded and may be slowed by cold attacks.


Message History

Okay, then.
Wield which item (- for none, * to show all)? (? for menu, Esc to quit)
u - a +0 trident (weapon)
The orc hits you but does no damage.
You hit the orc but do no damage.
You tail-slap the orc, but do no damage.
The orc is heavily wounded.
The orc closely misses you. The orc completely misses you.
The orc hits you with a mace of protection.
You closely miss the orc.
The orc is heavily wounded.
The orc hits you but does no damage.
The orc hits you with a mace of protection!
* * * LOW HITPOINT WARNING * * *
You hit the orc but do no damage.
The orc is heavily wounded.
The orc hits you with a hand axe!
* * * LOW HITPOINT WARNING * * *
The orc hits you with a mace of protection.
You die...

..## #.#
#.####
...####.##
#....#
.........#
####.#
...####.##
#.# #.##
#.# #.#
#.# #.#
#.# #.#
#.# #.#
#.# #.#
#o#
#รท#####.#
#@#
........#
#o#
..#######
#)# ###
#.# #.#
#.# #.#
#######
#.#
......#
#.#


You could see 2 orcs.

Vanquished Creatures
  An adder (D:2)
  2 oozes
  4 worms
  2 dart slugs (D:1)
  2 leopard geckos (D:3)
  2 orcs
  6 giant cockroaches
  9 goblins
  5 hobgoblins
  11 jackals
  8 kobolds
  A quokka (D:3)
  6 bats
  5 frilled lizards
  7 rats
71 creatures vanquished.

Notes
Turn   | Place    | Note
-------+----------+-------------------------------------------
     0 | D:1      | KeeTraxx the Draconian Air Elementalist began the quest for
                  | the Orb.
     0 | D:1      | Reached XP level 1. HP: 14/14 MP: 3/3
   388 | D:1      | Reached XP level 2. HP: 20/20 MP: 0/5
   882 | D:1      | Reached XP level 3. HP: 22/26 MP: 1/6
  1592 | D:2      | Learned a level 3 spell: Static Discharge
  1777 | D:2      | Reached skill level 4 in Air Magic
  1940 | D:2      | Reached XP level 4. HP: 33/33 MP: 6/8
  3783 | D:3      | Slain by an orc

Skill      XL: |  1  2  3  4 |
---------------+-------------+-----
Air Magic      | 4 |  4.1
Spellcasting   | 3 |  3.1
Conjurations   | 2 |  2.2
Dodging        | |  1.7
Stealth        | |  1.7

Action                   |  1- 3 |  4- 6 || total
-------------------------+-------+-------++-------
Melee: Unarmed           |     9 |       ||     9
       Tailslap          |     1 |     1 ||     2
       Trident           |       |     3 ||     3
 Fire: Hunting sling     |     2 |    52 ||    54
 Cast: Shock             |    78 |    34 ||   112
       Static Discharge  |       |     2 ||     2
  Use: Potion            |       |     2 ||     2
  Eat: Chunk             |     4 |     6 ||    10
Armor: Skin              |    29 |    13 ||    42
Dodge: Dodged            |    46 |    26 ||    72
